 Dungeon Crawl Stone Soup version 0.32-a0-350-g4f4d228785 (webtiles) character file.

Game seed: 12579016829800201117

1837093 Sergey the Missionary (level 27, 242/246 HPs)
             Began as a Mountain Dwarf Reaver on Feb 17, 2024.
             Was a Priest of Beogh.
             Escaped with the Orb
             ... and 4 runes!
             The game lasted 03:34:49 (108310 turns).

Sergey the Missionary (Mountain Dwarf Reaver)     Turns: 108310, Time: 03:34:49

Health: 242/246    AC: 38    Str: 33    XL:     27
Magic:  18/39      EV: 12    Int: 24    God:    Beogh [***...]
Gold:   3579       SH: 10    Dex:  6    Spells: 27/50 levels left

rFire   + + +        w - +3 eveningstar (vamp)
rCold   + . .        K - +2 buckler {rC+}
rNeg    . . .        x - +4 storm dragon scales {Bai Suzhen}
rPois   +            y - +2 helmet {Int+3}
rElec   +            g - +2 cloak {Will+}
rCorr   +            d - +2 pair of gloves of the Morning {rF++ Int+5}
SInv    .            h - +1 pair of boots {rampage}
Will    +++..        E - amulet of regeneration Stlth
                     z - ring of poison resistance
HPRegen 1.41/turn    O - ring "Fudar" {rCorr Str+6}
MPRegen 0.26/turn

%: rampage
@: studying 2 skills
A: runic magic, artefact enchanting, iridescent scales 1, clumsy 1, fire
resistance 1, subdued magic 1
0: Orb of Zot
}: 4/15 runes: decaying, serpentine, slimy, silver
a: Renounce Religion, Smiting, Recall Apostles, Dismiss Morun, warrior, Dismiss
Warbeogh, warrior, Dismiss Argrim, warrior


You escaped.
You worshipped Beogh.
Beogh was most pleased with you.
You visited 11 branches of the dungeon, and saw 55 of its levels.
You also visited: Bailey, Gauntlet, Ice Cave and Wizlab.

You collected 10240 gold pieces.
You spent 6661 gold pieces at shops.

Inventory:

Hand Weapons
 e - the +8 flail of Compassion {holy, rPois rF+ rC+}
   (You took it off a frost giant on level 15 of the Dungeon)

   rF+:       It protects you from fire.
   rC+:       It protects you from cold.
   rPois:     It protects you from poison
 q - a +5 demon whip of draining
 w - a +3 vampiric eveningstar (weapon)
Missiles
 s - 9 curare-tipped darts
Armour
 d - the +2 pair of gloves of the Morning (worn) {rF++ Int+5}
   (You found it on level 4 of the Depths)

   Int+5:     It affects your intelligence (+5).
   rF++:      It greatly protects you from fire.
 g - a +2 cloak of willpower (worn)
 h - a +1 pair of boots of rampaging (worn)
 x - +4 storm dragon scales (worn) {Bai Suzhen}
 y - a +2 helmet of intelligence (worn)
 B - a +2 tower shield of poison resistance
 K - a +2 buckler of cold resistance (worn)
 W - a +1 kite shield of protection
Jewellery
 u - the ring "Vilagiq" {Will+ MP+9}
   (You found it on level 5 of the Pits of Slime)

   [ring of willpower]

   Will+:     It increases your willpower.
   MP+9:      It affects your magic capacity (+9).
 z - a ring of poison resistance (left hand)
 E - an amulet of regeneration (around neck)
 F - a +5 ring of evasion
 L - the ring of Tatearpha {+Blink rF+}
   (You took it off a fire giant on level 5 of the Vaults)

   [ring of protection from fire]

   rF+:       It protects you from fire.
   +Blink:    It lets you blink.
 O - the ring "Fudar" (right hand) {rCorr Str+6}
   (You took it off a deep elf death mage on level 3 of the Elven Halls)

   [ring of resist corrosion]

   Str+6:     It affects your strength (+6).
   rCorr:     It protects you from acid and corrosion.
 P - the ring "Mimikaenu" {Fly rN+ Stlth+}
   (You found it in an ice cave)

   [ring of flight]

   rN+:       It protects you from negative energy.
   Fly:       It grants you flight.
   Stlth+:    It makes you more stealthy.
Wands
 c - a wand of quicksilver (20)
 i - a wand of iceblast (27)
 v - a wand of digging (3)
 T - a wand of mindburst (36)
 U - a wand of paralysis (28)
Scrolls
 k - 6 scrolls of poison
 n - 8 scrolls of teleportation {@r3}
 o - 5 scrolls of revelation {@r5}
 r - a scroll of butterflies
 t - 4 scrolls of blinking {@r4}
 G - 3 scrolls of fog {@r2}
 I - 3 scrolls of vulnerability {!r}
 N - a scroll of silence {!r}
 S - 2 scrolls of immolation
 Y - 4 scrolls of fear
Potions
 a - 4 potions of haste {@q5}
 b - 7 potions of might {@q3}
 f - 3 potions of brilliance
 j - 5 potions of cancellation
 l - 3 potions of resistance
 m - 5 potions of magic
 p - 7 potions of mutation
 D - 6 potions of curing {@q2}
 H - 5 potions of lignification
 M - 11 potions of enlightenment
 Q - 2 potions of invisibility
 Z - 4 potions of heal wounds {@q1}
Miscellaneous
 C - a box of beasts
 J - a phial of floods
 R - a lightning rod (4/4)
 V - a condenser vane
 X - a phantom mirror


   Skills:
 - Level 20.0 Fighting
 - Level 2.5 Short Blades
 - Level 10.4(18.4) Axes
 - Level 19.0(20.0) Maces & Flails
 - Level 13.2(14.2) Polearms
 - Level 2.0 Throwing
 - Level 18.0 Armour
 - Level 12.0 Dodging
 - Level 3.4 Stealth
 - Level 20.0 Shields
 - Level 12.0 Spellcasting
 - Level 9.0 Conjurations
 - Level 12.0 Translocations
 - Level 5.0 Air Magic
 - Level 9.0 Alchemy
 + Level 23.3 Invocations
 - Level 20.0 Evocations


You had 27 spell levels left.
You knew the following spells:

 Your Spells              Type           Power      Damage    Failure   Level
a - Kiss of Death         Conj/Necr      100%       2d13      1%          1
b - Vhi's Electric Charg  Tloc/Air       84%        N/A       1%          4
c - Manifold Assault      Tloc           53%        N/A       1%          4
d - Dispersal             Tloc           26%        N/A       4%          6
j - Apportation           Tloc           100%       N/A       1%          1
r - Irradiate             Conj/Alch      22%        3d19      2%          5
B - Momentum Strike       Conj/Tloc      98%        3d10      1%          2

Your spell library contained the following spells:

 Spells                   Type           Power      Damage    Failure   Level
 Foxfire                  Conj/Fire      100%       2x1d9     1%          1
 Magic Dart               Conj           100%       1d8       1%          1
 Sting                    Conj/Alch      100%       1d9       1%          1
 Blink                    Tloc           100%       N/A       1%          2
 Cigotuvi's Dreadful Rot  Necr/Alch/Air  56%        N/A       1%          2
 Lesser Beckoning         Tloc           100%       N/A       1%          2
 Mercury Vapours          Alch/Air       72%        N/A       1%          2
 Searing Ray              Conj           88%        2d7       1%          2
 Static Discharge         Conj/Air       72%        3-6/arc   1%          2
 Dazzling Flash           Conj/Hex       54%        N/A       1%          3
 Gell's Gravitas          Tloc           53%        N/A       1%          3
 Hailstorm                Conj/Ice       27%        3d8       1%          3
 Stone Arrow              Conj/Erth      54%        3d10      1%          3
 Teleport Other           Tloc           53%        N/A       1%          3
 Volatile Blastmotes      Fire/Tloc      66%        2d15      1%          3
 Fulminant Prism          Conj/Alch      22%        3d12      1%          4
 Iskenderun's Mystic Bla  Conj/Tloc      49%        2d11      1%          4
 Olgreb's Toxic Radiance  Alch           44%        N/A       1%          4
 Passage of Golubria      Tloc           53%        N/A       1%          4
 Iskenderun's Battlesphe  Conj           44%        2d10      2%          5
 Dimensional Bullseye     Hex/Tloc       16%        N/A       3%          4
 Freeze                   Ice            44%        1d6       4%          1
 Necrotise                Necr           44%        1d6       4%          1
 Summon Small Mammal      Summ           44%        N/A       4%          1
 Ensorcelled Hibernation  Hex/Ice        22%        N/A       7%          2
 Sublimation of Blood     Necr           11%        N/A       7%          2
 Brom's Barrelling Bould  Conj/Erth      27%        2d5       7%          4
 Petrify                  Alch/Erth      27%        N/A       7%          4
 Arcjolt                  Conj/Air       18%        1d28      7%          5
 Call Canine Familiar     Summ           11%        N/A       14%         3
 Confusing Touch          Hex            11%        N/A       14%         3
 Frozen Ramparts          Ice            22%        1d4       14%         3
 Fugue of the Fallen      Necr           11%        N/A       14%         3
 Inner Flame              Hex/Fire       11%        N/A       14%         3
 Ozocubu's Armour         Ice            11%        N/A       14%         3
 Sigil of Binding         Hex            11%        N/A       14%         3
 Summon Ice Beast         Ice/Summ       11%        N/A       14%         3
 Vampiric Draining        Necr           11%        2d6       14%         3
 Fireball                 Conj/Fire      13%        3d7       21%         5
 Conjure Ball Lightning   Conj/Air       18%        3x3d6     38%         6
 Anguish                  Hex/Necr       5%         N/A       45%         4
 Animate Armour           Summ/Erth      22%        N/A       45%         4
 Dispel Undead            Necr           11%        3d9       45%         4
 Martyr's Knell           Necr/Summ      11%        N/A       45%         4
 Summon Blazeheart Golem  Fire/Summ      11%        N/A       45%         4
 Orb of Destruction       Conj           22%        9d8       71%         7
 Bombard                  Conj/Erth      13%        9d3       77%         6
 Sculpt Simulacrum        Ice/Alch       13%        N/A       77%         6
 Starburst                Conj/Fire      13%        6d6       77%         6
 Borgnjor's Vile Clutch   Necr/Erth      5%         N/A       80%         5
 Curse of Agony           Necr           11%        N/A       80%         5
 Metabolic Englaciation   Hex/Ice        5%         N/A       80%         5
 Disjunction              Tloc           26%        N/A       94%         8
 Plasma Beam              Fire/Air       10%        2x1d21    96%         6
 Death Channel            Necr           5%         N/A       100%        6
 Haunt                    Necr/Summ      5%         N/A       100%        7
 Spellforged Servitor     Conj/Summ      13%        N/A       100%        7
 Discord                  Hex            5%         N/A       100%        8
 Infestation              Necr           5%         N/A       100%        8
 Lehudib's Crystal Spear  Conj/Erth      13%        10d5      100%        8
 Maxwell's Capacitive Co  Air            14%        ∞         100%        8


Dungeon Overview and Level Annotations

Branches:
Dungeon (15/15)            Temple (0/1) D:6            Lair (5/5) D:8
  Swamp (4/4) Lair:3        Snake (4/4) Lair:2        Slime (5/5) Lair:4
    Orc (2/2) D:12            Elf (3/3) Orc:2        Vaults (5/5) D:14
  Crypt (3/3) Vaults:2       Tomb (0/3) Crypt:3      Depths (4/4) D:15
    Zot (5/5) Depths:4     Bailey (visited)           IceCv (visited)
 WizLab (visited)         Gauntlet (visited)

Altars:
Ashenzari
Cheibriados
Dithmenos
Fedhas
Gozag
Hepliaklqana
Kikubaaqudgha
Nemelex Xobeh
Okawaru
Qazlal
Sif Muna
Trog
Vehumet
Wu Jian
Yredelemnul
Zin
The Shining One

Shops:
D:7 :   D:13 [(![   Orc:2 :[*   Elf:1 !   Elf:2 =::   Vaults:3 ([

Portals:
Hell: Depths:1 Depths:2 Depths:3 Depths:4
Abyss: Depths:1 Depths:3
Pandemonium: Depths:2
Ziggurat: Depths:1

Annotations:
D:2 exclusion: 2 downstairs
D:4 exclusion: upstairs
D:6 exclusion: downstairs
D:7 exclusion: downstairs
D:9 exclusion: 2 downstairs
D:10 exclusion: downstairs
Lair:2 1 runed translucent door, 1 exclusion
Orc:2 2 runed translucent doors, exclusion: orange crystal statue
Depths:4 1 transporter, Pohotif's ghost, adept MiFi
Zot:1 6 transporters
Zot:4 1 transporter
Zot:5 2 runed translucent doors, bmj180's ghost, legendary HuCj


Innate Abilities, Weirdness & Mutations

Your facial features are unmistakably orcish.
Your spellcasting is much less encumbered by armour.
You can use scrolls of enchantment on lesser artefacts.
You are partially covered in iridescent scales. (AC +2)
You are clumsy. (Dex -2)
Your flesh is heat resistant. (rF+)
Your spells are a little easier to cast, but a little less powerful.


Message History

Your +6 halberd of Shame {spect, rElec rC+ rCorr Int-4} disappears.
A cherub comes into view.
It is wielding a +3 scimitar of flaming.
You see here a hobgoblin skeleton.
There is a stone staircase leading up here.
The cherub unwields a +3 scimitar of flaming.
It stops flaming.
The cherub wields a +0 longbow.
The cherub shoots an arrow.
The arrow hits Warbeogh!!
You climb upwards.
There is a stone staircase leading down here.
A Hell Sentinel comes into view.
Aiming: Smiting
Press: ? - help, Dir - move target, f - Hell Sentinel Smite: a Hell Sentinel You smite the Hell Sentinel!!!
The Hell Sentinel is moderately wounded.
Aiming: Smiting
Press: ? - help, Dir - move target, f/p - Hell Sentinel Smite: a Hell Sentinel (moderately wounded, ally target)
You smite the Hell Sentinel!!!
The Hell Sentinel is severely wounded.
Warbeogh hits the Hell Sentinel from afar with the +6 halberd of Shame {spect, rElec rC+ rCorr Int-4}!
Your +6 halberd of Shame {spect, rElec rC+ rCorr Int-4} hits the Hell Sentinel from afar.
Aiming: Smiting
Press: ? - help, Dir - move target, f/p - Hell Sentinel Smite: a Hell Sentinel (severely wounded, not watching you, ally target)
You smite the Hell Sentinel!!
The Hell Sentinel is almost dead.
Warbeogh hits the Hell Sentinel with the +6 halberd of Shame {spect, rElec rC+ rCorr Int-4}!
The Hell Sentinel dies!
Beogh accepts your kill.
Your +6 halberd of Shame {spect, rElec rC+ rCorr Int-4} disappears.
Argrim no longer looks unusually strong.
There is a staircase leading out of the dungeon here.
You're already here!
Press: ? - help, v - describe, . - travel A staircase leading out of the dungeon.
This square is covered in magical glow.
Unknown command.
Unknown command.
You have escaped!

.............############.#.#.#÷#
....................# #.#.#.#.#
....................# #.#.#.#.#
######..............# #.#.#.#.#
..†...........♣.....# #.#.#.#.#
#####..........ß....# #.#.#.#.#
...##...............# #.#.#.#.#
....+...............# #.#.#.#.#
.####....#......@...# #.#.#.#.#
.# #...........o...#####.#.#....
.# #..........o........#.#.#.###
.########..###....#####.#.#.#.#
...........#.+....'...#.#.#.#.#
.........#.#.#....###.#.#.#.#.#
#........#.#.#....# #.#.#.#.#.#
#.########........# #.#.#...#.#
#......# #.#......# #.#.#####.#


You could see the friendly Argrim the orc apostle and the friendly Warbeogh the
orc apostle.

Vanquished Creatures
  A dread lich (Zot:5)
  3 ancient liches
  An orb of fire (Zot:2)
  A juggernaut (Depths:1)
  Bai Suzhen (Swamp:3)
  2 Killer Klowns
  Vashnia (Snake:4)
  2 curse toes
  6 golden dragons
  Nikola (Elf:2)
  4 electric golems
  11 tentacled monstrosities
  A Brimstone Fiend (D:15)
  Jorgrun (Snake:2)
  2 orc apostles (Zot:5)
  7 liches
  7 Orb Guardians
  2 walking earthen tomes
  A deep elf master archer (Elf:3)
  A titan (Vaults:5)
  3 sphinxes
  A walking divine tome (Depths:2)
  A quicksilver dragon (Zot:1)
  5 acid blobs
  2 deep elf blademasters (Elf:3)
  2 death cobs
  A thorn hunter (Swamp:4)
  6 storm dragons
  Donald (Vaults:1)
  5 draconian monks
  2 nagarajas (Snake:4)
  5 tengu reavers
  3 shadow dragons
  A draconian knight (Zot:5)
  2 rockslimes
  2 azure jellies
  3 protean progenitors
  A fenstrider witch (Swamp:4)
  6 fire giants
  7 frost giants
  The ghost of DubiousMove the Severer, a journeyman MiBe of Trog (Orc:2)
  3 vault wardens
  3 deep elf sorcerers (Elf:3)
  2 draconian scorchers (Zot:5)
  3 draconian shifters
  4 curse skulls
  4 draconian stormcallers
  16 very ugly things
  A cacodemon (D:2)
  3 reapers (Crypt:3)
  2 orc warlords
  7 formless jellyfish
  2 draconian annihilators
  4 quicksilver oozes
  4 ironbound thunderhulks
  20 ironbound preservers
  8 ghouls
  3 vampire knights
  11 green draconians
  5 deep elf demonologists
  9 stone giants
  Nessos (D:12)
  18 deep elf death magi
  An eleionoma (Swamp:1)
  14 yellow draconians
  2 deep elf annihilators (Elf:3)
  4 purple draconians
  3 war gargoyles
  3 spark wasps
  6 red draconians
  4 white draconians
  4 black draconians
  2 bunyips
  16 dire elephants
  7 eidola
  Josephine (Lair:3)
  A mummy priest (Crypt:3)
  7 fire dragons
  8 ettins
  5 jiangshi
  2 shambling mangroves (Swamp:4)
  10 yaktaur captains
  A rakshasa (Depths:1)
  2 deep elf high priests
  An entropy weaver (Vaults:2)
  3 great orbs of eyes
  15 hydras
  A salamander tyrant (Snake:2)
  17 vault guards
  8 ice dragons
  A merfolk avatar (Lair:5)
  2 peacekeepers (Vaults:4)
  3 catoblepae
  3 spriggan zombies (Crypt:3)
  2 ogre magi
  5 spriggan air magi
  14 centaur warriors
  A spriggan skeleton (Depths:2)
  8 alligators
  2 ghost crabs (Swamp:4)
  A jorogumo (Zot:4)
  3 death knights
  9 ironbound frosthearts
  6 deep troll shamans
  4 anacondas
  27 dancing weapons
  A boulder beetle (D:14)
  10 naga warriors
  14 two-headed ogres
  4 tengu warriors
  3 orc high priests
  A deep troll earth mage (Depths:4)
  2 occultists (Depths:1)
  2 spriggan berserkers
  5 soul eaters
  9 shock serpents
  4 vampire magi
  7 deep elf knights
  A sun demon (Vaults:1)
  A storm dragon zombie (Depths:2)
  A shock serpent (shapeshifter) (Depths:1)
  Amaemon (Lair:1)
  6 naga sharpshooters
  A skyshark (Lair:5)
  A sixfirhy (D:2)
  22 skeletal warriors
  A goliath frog (Swamp:1)
  2 glowing orange brains
  A shadow wraith (Depths:2)
  5 salamander mystics
  Lodul (D:10)
  70 deep trolls
  9 iron trolls
  3 flayed ghosts
  A spark wasp zombie (Crypt:1)
  5 swamp dragons (Swamp:4)
  3 spectral hydras (Swamp:4)
  9 deep elf archers
  5 lindwurms
  7 naga ritualists
  6 mana vipers
  8 arcanists
  4 bog bodies
  5 phantasmal warriors
  21 deep elf pyromancers
  8 ironbound convokers
  4 orc knights
  17 deep elf zephyrmancers
  8 necromancers
  A large abomination (Zot:2)
  A spriggan druid (Swamp:2)
  A harpy (Lair:5)
  An orc sorcerer (Orc:2)
  A manticore (shapeshifter) (Vaults:5)
  3 oklob plants (Swamp:4)
  39 ugly things
  16 moths of wrath
  18 salamanders
  An iron dragon skeleton (Crypt:3)
  A manticore (D:15)
  2 kobold blastminers
  A shining eye (Slime:2)
  3 will-o-the-wisps
  An ice statue (IceCv)
  7 elephants
  4 cyclopes
  40 slime creatures
  3 meliai (Lair:4)
  An elephant (shapeshifter) (Vaults:5)
  27 black mambas
  2 gargoyles
  An eye of devastation (Slime:2)
  2 rust devils (Vaults:3)
  5 naga magi
  6 guardian serpents
  A torpor snail (Lair:4)
  4 orange demons
  2 hellions
  10 vault sentinels
  A centaur skeleton (Crypt:3)
  8 cane toads
  An efreet (D:10)
  An unseen horror (D:13)
  8 rime drakes
  11 komodo dragons
  18 yaktaurs
  2 kobold demonologists
  A storm dragon simulacrum (Crypt:1)
  4 freezing wraiths
  An alligator snapping turtle skeleton (Crypt:1)
  4 tengu conjurers
  A guardian mummy (Crypt:3)
  A queen bee (Lair:4)
  2 harpy zombies (Crypt:3)
  A polar bear (shapeshifter) (D:13)
  9 trolls
  7 hellwings
  5 tyrant leeches
  A spectral guardian serpent (Crypt:1)
  8 hornets
  21 blink frogs
  3 glass eyes
  2 hydra skeletons (Swamp:4)
  An iron dragon simulacrum (Crypt:1)
  A jumping spider zombie (Crypt:1)
  A glass eye (shapeshifter) (Vaults:5)
  3 dream sheep (Lair:3)
  A harpy skeleton (Crypt:1)
  An air elemental (Elf:3)
  A spriggan (shapeshifter) (D:15)
  An ettin skeleton (Crypt:3)
  7 spriggans
  2 water elementals (Depths:3)
  3 ynoxinuls
  A vampire (D:9)
  9 wraiths
  Eustachio (D:6)
  3 fire elementals
  5 wyverns
  2 steam dragons
  5 neqoxecs
  52 yaks
  6 vampire mosquitoes
  4 basilisks
  A redback (shapeshifter) (Vaults:5)
  8 redbacks
  3 wargs
  29 nagas
  An acid dragon (D:13)
  14 swamp worms
  A great orb of eyes simulacrum (IceCv)
  A naga skeleton (Crypt:3)
  2 hydra simulacra (Swamp:4)
  3 hell hounds (D:15)
  A two-headed ogre skeleton (Crypt:3)
  11 water moccasins
  7 swamp drakes
  2 ice beasts
  12 orc warriors
  A sky beast (D:7)
  29 ogres
  A hornet zombie (Crypt:1)
  3 laughing skulls
  9 wolves
  2 phantoms
  6 centaurs
  A swamp dragon skeleton (Swamp:4)
  3 kobold brigands
  12 bullfrogs
  3 earth elementals
  2 glowing shapeshifter simulacra (IceCv)
  A scorpion (D:5)
  3 wyvern skeletons (Crypt:3)
  5 wights
  Dowan (D:7)
  48 killer bees
  5 howler monkeys
  2 quasits (Orc:2)
  A jelly (D:5)
  7 orc priests
  3 hounds
  Crazy Yiuf (D:3)
  A sleepcap (D:4)
  Terence (D:4)
  6 iguanas
  9 orc wizards
  7 hell rats
  A shapeshifter simulacrum (IceCv)
  A mummy (Crypt:3)
  Robin (D:3)
  4 adders
  6 gnolls
  3 swamp drake zombies (Swamp:4)
  A swamp drake skeleton (Swamp:4)
  A naga simulacrum (D:13)
  A steam dragon skeleton (Crypt:2)
  2 white imps
  A ribbon worm (D:2)
  2 dart slugs
  26 orcs
  8 ball pythons
  8 endoplasms
  2 giant cockroaches
  14 hobgoblins
  3 jackals (D:3)
  3 quokkas
  6 bats
  A dart slug zombie (Crypt:2)
  4 frilled lizards
  18 goblins
  18 kobolds
  7 rats
  An aspiring flesh (Depths:4)
  2 spectral weapons (Depths:4)
1637 creatures vanquished.

Vanquished Creatures (collateral kills)
  the Royal Jelly (Slime:5)
  5 ancient liches
  2 dread liches (Zot:5)
  2 orbs of fire (Zot:5)
  2 Killer Klowns (Zot:5)
  A curse toe (Zot:5)
  8 golden dragons
  6 tentacled monstrosities
  22 Orb Guardians (Zot:5)
  A Hell Sentinel (D:1)
  A deep elf blademaster (Elf:2)
  5 quicksilver dragons
  A lich (Vaults:4)
  A deep elf master archer (Elf:3)
  A walking divine tome (Depths:4)
  14 acid blobs
  A titan (Vaults:5)
  4 sphinxes
  An Executioner (D:2)
  An ancient champion (Crypt:2)
  4 death cobs
  2 tengu reavers (Vaults:5)
  12 storm dragons
  9 shadow dragons
  4 protean progenitors
  3 draconian shifters
  9 rockslimes
  3 draconian knights (Zot:5)
  2 revenants (Crypt:2)
  8 azure jellies
  A deep elf sorcerer (Vaults:5)
  3 draconian monks
  A fire giant (Vaults:5)
  3 frost giants
  16 vault wardens
  7 draconian scorchers
  A juggernaut zombie (Crypt:2)
  2 iron dragons (Vaults:5)
  3 ghouls
  An angel (D:5)
  A curse skull (Crypt:2)
  3 draconian annihilators
  4 stone giants
  7 ironbound preservers
  A hydra skeleton (Swamp:4)
  3 reapers (Crypt:3)
  2 very ugly things (Vaults:5)
  3 vampire knights
  5 formless jellyfish
  7 quicksilver oozes
  4 green draconians
  A broodmother (Depths:4)
  8 black draconians
  4 deep elf death magi
  3 dire elephants (Vaults:3)
  2 deep elf annihilators
  7 red draconians
  2 war gargoyles (Vaults:5)
  A deep elf demonologist (Elf:3)
  5 purple draconians
  9 white draconians
  6 ettins
  4 yellow draconians
  A green death (Zot:2)
  5 eidola
  5 yaktaur captains
  2 fire dragons
  2 spriggan zombies (Crypt:3)
  19 vault guards
  6 jiangshi
  3 hydras
  A jorogumo (Zot:4)
  2 spriggan air magi
  4 anacondas (Snake:4)
  7 ice dragons
  3 great orbs of eyes
  3 centaur warriors
  3 ogre magi
  An ironbound frostheart (Vaults:2)
  4 two-headed ogres
  2 alligators
  2 dancing weapons (Elf:2)
  A ghost crab (Swamp:3)
  4 naga warriors
  A deep troll shaman (Depths:1)
  2 death yaks (Lair:5)
  2 deep troll earth magi
  2 vampire magi (Crypt:2)
  A spriggan berserker (Depths:2)
  An orc high priest (Depths:1)
  An occultist (Depths:1)
  2 naga sharpshooters (Snake:4)
  A titan zombie (Crypt:3)
  6 deep elf knights
  A soul eater (D:9)
  A sixfirhy (D:2)
  6 skeletal warriors
  An anaconda zombie (Crypt:3)
  A golden dragon zombie (Crypt:3)
  A glowing orange brain (Slime:5)
  A salamander mystic (Depths:4)
  2 goliath frogs (Swamp:2)
  A shadow demon (Crypt:3)
  3 swamp dragons
  A mana viper (Snake:4)
  4 ironbound convokers
  2 spriggan druids (Swamp:4)
  A golden dragon skeleton (Depths:2)
  A bunyip skeleton (Crypt:3)
  An arcanist (Vaults:3)
  3 flayed ghosts
  13 deep trolls
  3 bog bodies
  3 sun moths (Zot:5)
  A naga ritualist (Snake:4)
  A deep elf archer (Elf:2)
  7 phantasmal warriors
  An orc knight (Vaults:5)
  An anaconda skeleton (Crypt:3)
  7 deep elf zephyrmancers
  10 necromancers
  A lindwurm (Vaults:1)
  6 deep elf pyromancers
  3 shining eyes
  A tengu skeleton (Vaults:3)
  4 wolf spiders (Crypt:3)
  A human zombie (Vaults:3)
  9 ugly things
  3 cyclopes
  2 manticores (Lair:5)
  A shining eye (shapeshifter) (Vaults:5)
  2 salamanders (Depths:4)
  10 moths of wrath
  A naga zombie (Crypt:3)
  A centaur zombie (Crypt:3)
  56 slime creatures
  13 black mambas
  6 elephants (Lair:5)
  A human skeleton (Vaults:3)
  A kobold blastminer (Orc:2)
  A dire elephant zombie (Crypt:3)
  4 naga magi
  A rust devil (D:14)
  A smoke demon (Crypt:3)
  3 vault sentinels
  2 eyes of devastation (Slime:5)
  A dire elephant skeleton (Crypt:3)
  2 centaur skeletons
  2 gargoyles (D:12)
  An orange demon (D:10)
  2 cane toads (Lair:5)
  7 yaktaurs
  A rime drake (Lair:5)
  A torpor snail (Lair:5)
  An unseen horror skeleton (Crypt:2)
  An ice devil (D:2)
  A hellion (D:2)
  2 komodo dragons (Lair:5)
  2 tormentors
  4 freezing wraiths (Crypt:2)
  5 trolls
  8 hellwings (Crypt:3)
  A hydra zombie (Swamp:4)
  A harpy zombie (Crypt:3)
  3 polar bears (Lair:5)
  4 tyrant leeches
  A spectral guardian serpent (Crypt:1)
  7 blink frogs
  3 dream sheep (Lair:3)
  2 glass eyes (Slime:5)
  3 hornets
  A fire giant simulacrum (Depths:2)
  A snapping turtle (Lair:5)
  An ettin skeleton (Crypt:3)
  An air elemental (Elf:3)
  5 spriggans
  A ynoxinul (Elf:2)
  2 wyverns
  9 wraiths
  An ushabti (Crypt:3)
  7 yaks
  A water elemental (D:13)
  Grum (D:11)
  5 redbacks
  A golden eye (Slime:5)
  A steam dragon (Lair:5)
  A wind drake skeleton (Crypt:2)
  2 basilisks
  A warg (Orc:2)
  4 vampire mosquitoes
  A demonspawn zombie (Crypt:3)
  7 nagas
  5 swamp worms
  2 water moccasins (Lair:3)
  4 great orb of eyes simulacra (IceCv)
  Duvessa (D:7)
  A hell hound (D:15)
  A deep troll skeleton (Crypt:2)
  A swamp drake (Swamp:1)
  5 laughing skulls
  3 wolves
  4 ogres (Orc:2)
  A centaur (D:13)
  A yaktaur zombie (Crypt:2)
  A draconian zombie (Crypt:2)
  A slime creature simulacrum (IceCv)
  A draconian skeleton (Crypt:1)
  A water moccasin zombie (Crypt:1)
  2 glowing shapeshifter simulacra (IceCv)
  2 wyvern skeletons (Crypt:3)
  An elephant simulacrum (D:13)
  8 killer bees
  4 orc priests
  A troll simulacrum (D:13)
  A spriggan simulacrum (D:13)
  A hell rat (Lair:2)
  4 shapeshifter simulacra (IceCv)
  A wolf simulacrum (D:13)
  A brain worm zombie (Crypt:1)
  A howler monkey zombie (Crypt:1)
  3 naga simulacra (D:13)
  An orc (Orc:2)
  A gnoll skeleton (Crypt:2)
  An aspiring flesh (Zot:3)
763 creatures vanquished.

Vanquished Creatures (others)
  A fire giant (Vaults:5)
  2 draconian scorchers
  13 orc warlords
  A vampire knight (Crypt:1)
  A green draconian (Zot:1)
  A black draconian (Zot:5)
  A bunyip (Swamp:4)
  63 orc apostles
  A yaktaur captain (Vaults:2)
  A hydra (Swamp:4)
  A centaur warrior (Vaults:2)
  13 orc high priests
  2 deep elf knights
  A spriggan druid (Swamp:4)
  15 orc knights
  A vault sentinel (Vaults:2)
  An orange demon (Vaults:1)
  4 yaktaurs (Vaults:2)
  2 bloated husks (Swamp:2)
  A red devil (Vaults:1)
  A hellwing (Vaults:1)
  3 slime creatures (D:13)
  8 orc warriors
  An electric eel (D:13)
  8 orc priests
  An orc wizard (D:9)
  A white imp (Vaults:1)
  11 orcs
  13 spectral weapons
173 creatures vanquished.

Grand Total: 2573 creatures vanquished

Notes
Turn   | Place    | Note
-------+----------+-------------------------------------------
     0 | D:1      | Sergey the Mountain Dwarf Reaver began the quest for the
                  | Orb.
     0 | D:1      | Reached XP level 1. HP: 17/17 MP: 3/3
   134 | D:1      | Reached skill level 1 in Stealth
   228 | D:1      | Reached XP level 2. HP: 25/25 MP: 4/4
   231 | D:1      | Learned a level 2 spell: Momentum Strike
   539 | D:1      | Reached skill level 1 in Translocations
   617 | D:1      | Reached XP level 3. HP: 30/30 MP: 5/5
   879 | D:1      | Reached skill level 1 in Armour
  1315 | D:2      | Noticed Terence
  1555 | D:2      | Reached XP level 4. HP: 16/32 MP: 3/6
  1968 | D:3      | Identified the +1 helmet of Sunlight {Rampage Will- rCorr}
  1968 | D:3      | Noticed Robin
  2480 | D:3      | Found a radiant altar of Vehumet.
  2803 | D:3      | Found a faded altar of an unknown god.
  2975 | D:3      | Reached XP level 5. HP: 27/28 MP: 4/8
  3401 | D:4      | Found an iron altar of Okawaru.
  3402 | D:4      | Found a hazy altar of Hepliaklqana.
  3751 | D:4      | Found a bloodstained altar of Trog.
  4302 | D:4      | Killed Terence
  4834 | D:4      | Reached XP level 6. HP: 34/44 MP: 9/9
  5053 | D:4      | Reached skill level 1 in Short Blades
  5694 | D:3      | Found a runed translucent door.
  5695 | D:3      | Noticed Crazy Yiuf
  5975 | D:3      | Killed Robin
  6275 | D:5      | Entered Level 5 of the Dungeon
  6294 | D:5      | Reached skill level 5 in Fighting
  6897 | D:5      | Reached XP level 7. HP: 61/62 MP: 7/10
  7337 | D:5      | Became a worshipper of Beogh the Shepherd
  8125 | D:6      | Reached skill level 1 in Evocations
  8516 | D:6      | Noticed Eustachio
  8518 | D:6      | Killed Eustachio
  8519 | D:6      | Reached skill level 5 in Evocations
  8519 | D:6      | Reached XP level 8. HP: 71/71 MP: 11/11
  8559 | D:6      | Identified the serpent talisman of the Engineer {rCorr
                  | Str+2 Int+2 Dex+2}
  8663 | D:6      | Reached skill level 1 in Invocations
  8781 | D:6      | Reached skill level 2 in Invocations
  8965 | D:6      | Found a staircase to the Ecumenical Temple.
  8970 | D:6      | Reached skill level 3 in Invocations
  9580 | D:7      | Found Yhuciutu's Self-Improvement Boutique.
  9636 | D:6      | Reached skill level 4 in Invocations
  9714 | D:7      | Noticed Duvessa
  9714 | D:7      | Noticed Dowan
  9944 | D:7      | Reached skill level 5 in Invocations
  9979 | D:7      | Reached skill level 6 in Invocations
 10150 | D:7      | Reached * piety under Beogh
 10323 | D:7      | Found a glowing golden altar of the Shining One.
 12136 | D:7      | Killed Dowan
 12137 | D:7      | Reached skill level 1 in Throwing
 12137 | D:7      | Reached XP level 9. HP: 76/77 MP: 10/13
 12366 | D:8      | Found a flagged portal.
 12388 | Bailey   | Entered a bailey
 12596 | Bailey   | Noticed an orc knight
 12699 | Bailey   | Killed an orc knight
 12857 | Bailey   | Reached skill level 1 in Polearms
 12883 | Bailey   | Found a large runed translucent door.
 12883 | Bailey   | Found a large runed translucent door.
 12885 | Bailey   | Noticed a deep elf pyromancer
 12964 | Bailey   | Killed a deep elf pyromancer
 13287 | D:8      | Found a staircase to the Lair.
 13489 | D:7      | Reached XP level 10. HP: 69/84 MP: 11/14
 13560 | D:8      | Reached skill level 5 in Polearms
 14874 | D:8      | Reached skill level 5 in Armour
 15046 | D:8      | Found a staircase to the Lair.
 16749 | D:9      | Found a snail-covered altar of Cheibriados.
 16753 | D:9      | Found an opulent altar of Gozag.
 16757 | D:9      | Found a broken altar of Ashenzari.
 16758 | D:9      | Found a glowing silver altar of Zin.
 16761 | D:9      | Found a sparkling altar of Nemelex Xobeh.
 16762 | D:9      | Found a shimmering blue altar of Sif Muna.
 17382 | D:3      | Killed Crazy Yiuf
 17544 | D:5      | Found a shadowy altar of Dithmenos.
 17816 | D:10     | Entered Level 10 of the Dungeon
 17875 | D:10     | Noticed a two-headed ogre
 18093 | D:10     | Noticed a two-headed ogre
 18104 | D:10     | Killed a two-headed ogre
 18105 | D:10     | Reached XP level 11. HP: 97/97 MP: 15/15
 18366 | D:10     | Noticed Lodul
 19012 | D:10     | Killed Lodul
 19013 | D:10     | Reached skill level 10 in Fighting
 19029 | D:10     | Reached ** piety under Beogh
 19586 | D:10     | Noticed a sun demon
 20076 | D:11     | Found a gate leading to a gauntlet.
 20095 | Gauntlet | Entered a Gauntlet
 20095 | Gauntlet | Found a runed translucent door.
 20095 | Gauntlet | Found a transporter.
 20095 | Gauntlet | Found a runed translucent door.
 20095 | Gauntlet | Found a transporter.
 20100 | Gauntlet | Noticed a tengu warrior
 20110 | Gauntlet | Found a transporter.
 20121 | Gauntlet | Noticed an arcanist
 20122 | Gauntlet | Noticed a necromancer
 20125 | Gauntlet | Found a transporter.
 20125 | Gauntlet | Found a transporter.
 20125 | Gauntlet | Found a transporter.
 20127 | Gauntlet | Found a transporter.
 20127 | Gauntlet | Found a transporter.
 20129 | Gauntlet | Noticed a quicksilver ooze
 20142 | Gauntlet | Found a transporter.
 20157 | Gauntlet | Found a transporter.
 20157 | Gauntlet | Noticed a hell beast
 20167 | Gauntlet | Found a transporter.
 20167 | Gauntlet | Noticed a green death
 20181 | Gauntlet | Found a transporter.
 20210 | Gauntlet | Noticed an arcanist
 20215 | Gauntlet | Found a transporter.
 20216 | Gauntlet | Found a runed translucent door.
 20230 | Gauntlet | Found a transporter.
 21326 | D:11     | Noticed a two-headed ogre
 21420 | Lair:1   | Entered Level 1 of the Lair of Beasts
 21701 | D:8      | Reached skill level 10 in Polearms
 22979 | Lair:1   | Identified the +0 ring mail "Peyjomoff" {rC+ rCorr Str+5}
 23295 | Lair:1   | Reached XP level 12. HP: 65/108 MP: 16/16
 23462 | Lair:1   | Noticed Amaemon
 23676 | Lair:1   | Killed Amaemon
 23677 | Lair:1   | Reached skill level 5 in Maces & Flails
 25251 | Lair:2   | Found a staircase to the Snake Pit.
 25329 | Lair:2   | Reached skill level 10 in Maces & Flails
 26024 | Lair:2   | Found a runed translucent door.
 26292 | Lair:3   | Found a staircase to the Swamp.
 26331 | Lair:3   | You fall into a shaft and drop 2 floors!
 26331 | Lair:5   | Entered Level 5 of the Lair of Beasts
 26496 | Lair:4   | Identified the +3 war axe of Solemn Defiance {vamp, rN+}
 26799 | Lair:4   | Reached skill level 1 in Axes
 27004 | Lair:4   | Reached *** piety under Beogh
 27017 | Lair:4   | Noticed a catoblepas
 27030 | Lair:4   | HP: 5/110 [poisoned by a meliai]
 27480 | Lair:3   | Reached XP level 13. HP: 103/116 MP: 16/18
 27533 | Lair:3   | Anointed Zorug the warrior as your apostle
 27663 | Lair:3   | Noticed Josephine
 27678 | Lair:3   | Killed Josephine
 27689 | Lair:3   | Reached skill level 7 in Invocations
 27900 | Lair:3   | Identified the +1 robe of Piocet {Int+6}
 27900 | Lair:3   | Noticed Bogwald
 27912 | Lair:3   | Anointed Bogwald the wizard as your apostle
 28019 | Lair:3   | Found an ornate altar of the Wu Jian Council.
 28636 | Lair:4   | Your ally Bogwald died
 28647 | Lair:4   | Reached skill level 8 in Invocations
 29098 | Lair:4   | Reached skill level 5 in Axes
 29402 | Lair:4   | Found a staircase to the Slime Pits.
 29632 | Lair:4   | Reached skill level 10 in Armour
 29648 | Lair:4   | Reached skill level 9 in Invocations
 29668 | Lair:4   | Reached **** piety under Beogh
 30103 | Lair:5   | Reached skill level 10 in Invocations
 30223 | Lair:5   | Reached XP level 14. HP: 55/126 MP: 21/21
 30343 | Lair:5   | Anointed Beowulf the warrior as your apostle
 31297 | Lair:5   | Your ally Beowulf died
 31933 | D:7      | Killed Duvessa
 32457 | D:11     | Noticed Grum
 32462 | D:11     | Killed Grum
 32521 | D:11     | Reached skill level 11 in Invocations
 32968 | D:12     | Noticed Nessos
 32971 | D:12     | Killed Nessos
 33218 | D:12     | Reached skill level 12 in Invocations
 33642 | D:12     | Reached skill level 13 in Invocations
 33709 | D:12     | Found a staircase to the Orcish Mines.
 33945 | D:13     | Found a frozen archway.
 33989 | IceCv    | Entered an ice cave
 34558 | IceCv    | Noticed a quicksilver ooze
 34559 | IceCv    | Your ally Beowulf died
 34560 | IceCv    | Killed a quicksilver ooze
 34561 | IceCv    | Reached skill level 14 in Invocations
 34734 | IceCv    | Found a viscous altar of Jiyva.
 34734 | IceCv    | Noticed an azure jelly
 34737 | IceCv    | Killed an azure jelly
 34755 | IceCv    | Noticed a quicksilver ooze
 34757 | IceCv    | Killed a quicksilver ooze
 34782 | IceCv    | Identified the ring "Mimikaenu" {Fly rN+ Stlth+}
 34892 | D:13     | Reached skill level 15 in Invocations
 34914 | D:13     | Anointed Wargrak the warrior as your apostle
 35396 | D:13     | Identified the +10 trident of Nosaloes {flame, rElec}
 35400 | D:13     | Identified the +0 scale mail "Jesuaf" {Fly rF+ Str+3}
 35564 | D:13     | Found Qaivvico's Antique Weapon Shoppe.
 35564 | D:13     | Found Ollotuum's Antique Armour Emporium.
 35567 | D:13     | Found Kim Qewn's Armour Emporium.
 35567 | D:13     | Found Baewia's Distillery.
 35662 | D:13     | Reached XP level 15. HP: 123/139 MP: 26/26
 35820 | D:13     | Bought an ichor-stained orb for 238 gold pieces
 35820 | D:13     | Identified the orb "Vuvu Hauze" {mayhem, Str+5} (You bought
                  | it in a shop on level 13 of the Dungeon)
 35821 | D:13     | Bought a glowing plate armour for 442 gold pieces
 35828 | D:13     | Bought a potion of invisibility for 120 gold pieces
 35828 | D:13     | Bought a potion of magic for 120 gold pieces
 35828 | D:13     | Bought a potion of enlightenment for 75 gold pieces
 35828 | D:13     | Bought a potion of ambrosia for 120 gold pieces
 35828 | D:13     | Bought a potion of might for 60 gold pieces
 35828 | D:13     | Bought a potion of ambrosia for 120 gold pieces
 35828 | D:13     | Bought a potion of attraction for 45 gold pieces
 35995 | Orc:1    | Entered Level 1 of the Orcish Mines
 36196 | Orc:2    | Entered Level 2 of the Orcish Mines
 36256 | Orc:2    | Found a staircase to the Elven Halls.
 36277 | Orc:2    | Found a transporter.
 36281 | Orc:2    | Noticed DubiousMove's ghost (journeyman MiBe)
 36320 | Orc:2    | Found a transporter.
 36384 | Orc:2    | Reached skill level 15 in Fighting
 36391 | Orc:2    | Found Ferphuoff's Antique Armour Emporium.
 36393 | Orc:2    | Found Fiusor's Book Shoppe.
 36550 | Orc:2    | Your ally Bogwald died
 36551 | Orc:2    | Your ally Wargrak died
 36830 | Orc:2    | Your ally Beowulf died
 37468 | Orc:2    | Found Xeudwon's Assorted Antiques.
 37480 | Orc:2    | Found Nubeh's Distillery.
 37753 | Orc:2    | Bought a potion of heal wounds for 60 gold pieces
 37753 | Orc:2    | Bought a potion of berserk rage for 60 gold pieces
 37941 | Orc:2    | Found a runed translucent door.
 37944 | Orc:2    | Found the +10 tower shield of Ignorance {rN+ Int-4}
 37968 | Orc:2    | Found a runed translucent door.
 38452 | Orc:2    | Bought a wand of paralysis (3) for 223 gold pieces
 38452 | Orc:2    | Bought a wand of paralysis (5) for 372 gold pieces
 38452 | Orc:2    | Bought a potion of curing for 93 gold pieces
 38452 | Orc:2    | Bought a scroll of revelation for 232 gold pieces
 38457 | Orc:2    | Bought a potion of haste for 120 gold pieces
 39812 | D:14     | Your ally Wargrak died
 39991 | D:14     | Found a stormy altar of Qazlal.
 40021 | D:14     | Identified the +0 leather armour of Naniep {rN+ Str+3
                  | Dex+2}
 40051 | D:14     | Reached ***** piety under Beogh
 40320 | D:14     | Found a gate to the Vaults.
 40335 | D:14     | Your ally Beowulf died
 40677 | D:15     | Entered Level 15 of the Dungeon
 40693 | D:15     | Your ally Bogwald died
 40865 | D:14     | Reached skill level 10 in Evocations
 41760 | D:15     | Reached XP level 16. HP: 96/149 MP: 27/27
 42461 | D:15     | Found a staircase to the Depths.
 43016 | Snake:1  | Entered Level 1 of the Snake Pit
 43493 | Snake:1  | Identified the +3 battleaxe "Lusozuw" {flame, rN++ Dex+2}
 44913 | Snake:2  | Your ally Wargrak died
 44918 | Snake:2  | Your ally Bogwald died
 45165 | Snake:2  | Your ally Beowulf died
 45236 | Snake:2  | Noticed Jorgrun
 45450 | Snake:2  | Killed Jorgrun
 46943 | Snake:2  | Identified a scroll of acquirement
 46944 | Snake:2  | Acquired 904 gold pieces
 47133 | D:7      | Bought a manual of Shields for 1200 gold pieces
 47297 | Snake:2  | Reached skill level 1 in Shields
 48438 | Snake:3  | Reached skill level 5 in Shields
 49007 | Orc:2    | Bought a potion of curing for 36 gold pieces
 49007 | Orc:2    | Bought a potion of curing for 36 gold pieces
 49007 | Orc:2    | Bought a potion of might for 48 gold pieces
 49530 | Snake:3  | Anointed Oruk the warrior as your apostle
 49642 | Snake:4  | Entered Level 4 of the Snake Pit
 50104 | Snake:4  | Your ally Bogwald died
 50278 | Snake:4  | Reached skill level 10 in Shields
 50482 | Snake:4  | Reached XP level 17. HP: 143/156 MP: 28/28
 50697 | Snake:4  | Your ally Beowulf died
 51509 | Snake:4  | Noticed Vashnia
 51580 | Snake:4  | Killed Vashnia
 51603 | Snake:4  | Your ally Bogwald died
 51611 | Snake:4  | Your ally Oruk died
 51614 | Snake:4  | Your ally Beowulf died
 52720 | Snake:4  | Reached skill level 5 in Dodging
 53765 | Snake:4  | Got a serpentine rune of Zot
 53907 | Swamp:1  | Entered Level 1 of the Swamp
 55961 | Swamp:3  | Your ally Beowulf died
 55961 | Swamp:3  | Your ally Bogwald died
 56120 | Swamp:3  | Noticed Bai Suzhen
 56127 | Swamp:3  | Killed Bai Suzhen
 56127 | Swamp:3  | Your ally Oruk died
 56378 | Swamp:3  | Reached XP level 18. HP: 147/163 MP: 29/29
 56727 | Swamp:4  | Entered Level 4 of the Swamp
 57497 | Swamp:4  | Reached skill level 16 in Invocations
 57857 | Swamp:4  | Your ally Beowulf died
 58047 | Swamp:4  | Identified the +3 scale mail "Douh" {rElec Dex+4}
 58105 | Swamp:4  | Your ally Bogwald died
 58205 | Swamp:4  | Found a basalt altar of Yredelemnul.
 58630 | Swamp:4  | Found a blossoming altar of Fedhas.
 58725 | Swamp:4  | Got a decaying rune of Zot
 59154 | Vaults:1 | Entered Level 1 of the Vaults
 59258 | Vaults:1 | Your ally Oruk died
 59276 | Vaults:1 | Reached skill level 15 in Shields
 59324 | Vaults:1 | Was placed under penance by Beogh
 59324 | Vaults:1 | Fled from a divine trial
 59641 | Vaults:1 | Noticed Donald
 59659 | Vaults:1 | Killed Donald
 59881 | Vaults:1 | Reached skill level 17 in Invocations
 60419 | Vaults:1 | Was forgiven by Beogh
 62029 | Vaults:2 | Your ally Bogwald died
 62283 | Vaults:2 | Reached skill level 10 in Axes
 62283 | Vaults:2 | Reached skill level 18 in Invocations
 62283 | Vaults:2 | Reached XP level 19. HP: 159/170 MP: 30/32
 62316 | Vaults:2 | Your ally Beowulf died
 62362 | Vaults:2 | Your ally Oruk died
 62366 | Vaults:2 | Reached skill level 15 in Evocations
 63648 | Vaults:2 | Found a staircase to the Crypt.
 63656 | Vaults:2 | Reached skill level 15 in Armour
 64044 | Vaults:3 | Your ally Oruk died
 64051 | Vaults:3 | Your ally Beowulf died
 64061 | Vaults:3 | Your ally Bogwald died
 64483 | Vaults:3 | Identified the +3 dagger "Coulox" {heavy, rElec rPois rN+
                  | Will+}
 64543 | Vaults:3 | Anointed Wulfoc the wizard as your apostle
 64839 | Vaults:3 | Found Ekifif's Armour Emporium.
 65721 | Vaults:3 | Your ally Beowulf died
 65724 | Vaults:3 | Reached XP level 20. HP: 129/182 MP: 33/33
 66070 | Vaults:3 | Your ally Oruk died
 66218 | Vaults:3 | Found Menopp's Weapon Boutique.
 66224 | Vaults:3 | Bought 4 curare-tipped darts for 96 gold pieces
 66603 | Vaults:4 | Your ally Wulfoc died
 67653 | Vaults:4 | Your ally Wulfoc died
 67653 | Vaults:4 | Was placed under penance by Beogh
 67665 | Vaults:4 | Reached skill level 19 in Invocations
 68424 | Vaults:4 | Identified the +9 spear of Exquisite Death {freeze, rF+
                  | Dex+2}
 69547 | Elf:1    | Entered Level 1 of the Elven Halls
 69602 | Elf:1    | Found Dubum's Distillery.
 69608 | Elf:1    | Bought a potion of haste for 130 gold pieces
 69608 | Elf:1    | Bought a potion of haste for 130 gold pieces
 69608 | Elf:1    | Bought a potion of resistance for 130 gold pieces
 69608 | Elf:1    | Bought a potion of magic for 104 gold pieces
 69608 | Elf:1    | Bought a potion of heal wounds for 65 gold pieces
 69608 | Elf:1    | Bought a potion of enlightenment for 65 gold pieces
 70062 | Elf:1    | Got the Vellum of the Kangaroo
 71436 | Elf:2    | Noticed Nikola
 71450 | Elf:2    | Killed Nikola
 71469 | Elf:2    | Found Inof's Book Shoppe.
 71470 | Elf:2    | Found Wiebeem's Jewellery Boutique.
 71471 | Elf:2    | Found Boadybah's Book Shoppe.
 71479 | Elf:2    | Bought a ring of willpower for 375 gold pieces
 71659 | Elf:2    | Was forgiven by Beogh
 72103 | Elf:2    | Reached XP level 21. HP: 190/192 MP: 34/34
 72118 | Elf:2    | Found a runed translucent gate.
 72119 | Elf:2    | Found a runed translucent gate.
 72119 | Elf:2    | Found a runed translucent gate.
 72631 | Elf:2    | Identified the +6 dagger of Baenis {flame, Fly rCorr}
 72639 | Elf:2    | Your ally Beowulf died
 72644 | Elf:2    | Anointed Alork the wizard as your apostle
 72829 | Elf:2    | Reached skill level 1 in Alchemy
 72837 | Elf:2    | Your ally Wulfoc died
 72846 | Elf:2    | Reached skill level 20 in Invocations
 73386 | Elf:2    | Learned a level 5 spell: Irradiate
 73391 | Elf:2    | Learned a level 4 spell: Vhi's Electric Charge
 73396 | Elf:2    | Learned a level 4 spell: Manifold Assault
 73423 | Elf:3    | Entered Level 3 of the Elven Halls
 73437 | Elf:3    | Paralysed by an air elemental for 1 turns
 74249 | Elf:3    | Your ally Alork died
 74616 | Elf:3    | Your ally Oruk died
 75871 | Elf:3    | Paralysed by an air elemental for 1 turns
 75874 | Elf:3    | Paralysed by an air elemental for 1 turns
 76094 | Elf:3    | Identified the +4 war axe "Ojet" {freeze, *Noise rCorr
                  | Int+3}
 76094 | Elf:3    | Identified the ring "Fudar" {rCorr Str+6}
 76122 | Elf:3    | Your ally Oruk died
 76539 | Elf:3    | Identified the +11 sling of the Wolf {flame, Str+2}
 76913 | Depths:1 | Entered Level 1 of the Depths
 77114 | Depths:1 | Noticed a juggernaut
 77120 | Depths:1 | Your ally Alork died
 77124 | Depths:1 | Killed a juggernaut
 77245 | Depths:1 | Noticed a golden dragon
 77283 | D:15     | Reached skill level 5 in Translocations
 77289 | Depths:1 | Killed a golden dragon
 77398 | D:15     | Reached skill level 5 in Spellcasting
 77427 | Depths:1 | Identified the +8 flail of Compassion {holy, rPois rF+ rC+}
 77427 | Depths:1 | Your ally Wulfoc died
 79292 | Depths:1 | Found a one-way gate to the infinite horrors of the Abyss.
 79380 | Depths:1 | Found a gateway to Hell.
 79536 | Depths:1 | Found a one-way gateway to a ziggurat.
 79548 | Depths:1 | Found a bloodstained altar of Trog.
 79559 | Depths:1 | Your ally Oruk died
 79565 | Depths:1 | Reached XP level 22. HP: 167/201 MP: 36/36
 79620 | Depths:1 | Identified the +6 trident "Romo" {drain, Str+3 SInv}
 79622 | Depths:1 | Your ally Alork died
 79625 | Depths:1 | Your ally Wulfoc died
 79644 | Depths:1 | Anointed Morun the warrior as your apostle
 80122 | Depths:2 | Found a one-way gate leading to the halls of Pandemonium.
 80381 | Depths:2 | Your ally Morun died
 80649 | Depths:2 | Found a magical portal.
 80658 | WizLab   | Entered Alistair's Party Mansion
 81015 | Depths:2 | Noticed a golden dragon
 81033 | Depths:2 | Killed a golden dragon
 81037 | Depths:2 | Your ally Alork died
 81149 | Depths:2 | Your ally Morun died
 81152 | Depths:2 | Your ally Wulfoc died
 82064 | Depths:2 | Got the Compendium of the Tomb
 83484 | Depths:4 | Entered Level 4 of the Depths
 83726 | Depths:4 | Your ally Wulfoc died
 83735 | Depths:4 | Your ally Morun died
 83736 | Depths:4 | Your ally Alork died
 84815 | Depths:4 | Found a bloodstained altar of Trog.
 84815 | Depths:4 | Noticed Pohotif's ghost (adept MiFi)
 84816 | Depths:4 | Noticed a juggernaut
 84822 | Depths:4 | Found a transporter.
 84825 | Depths:4 | Found a transporter.
 84825 | Depths:4 | Noticed a juggernaut
 84852 | Depths:4 | Identified the +6 halberd of Shame {spect, rElec rC+ rCorr
                  | Int-4}
 84869 | Depths:4 | Anointed Warbeogh the warrior as your apostle
 85338 | Depths:4 | Noticed a golden dragon
 85345 | Depths:4 | Killed a golden dragon
 85346 | Depths:4 | Found a gate to the Realm of Zot.
 86038 | Orc:2    | Bought encrusted shadow dragon scales for 1530 gold pieces
 86038 | Orc:2    | Identified the +6 shadow dragon scales "Suiff" {Fly
                  | Stlth++++} (You bought it in a shop on level 2 of the
                  | Orcish Mines)
 86230 | Crypt:1  | Entered Level 1 of the Crypt
 86495 | Crypt:1  | Reached XP level 23. HP: 188/209 MP: 37/37
 86961 | Crypt:1  | Identified the +1 chain mail of Tujearex {^Contam Str+4}
 87093 | Crypt:2  | Reached skill level 5 in Conjurations
 87939 | Crypt:3  | Entered Level 3 of the Crypt
 88026 | Crypt:3  | Reached ****** piety under Beogh
 88078 | Crypt:3  | Your ally Alork died
 88439 | Crypt:3  | Reached skill level 5 in Alchemy
 88443 | Crypt:3  | Identified the +0 robe of Generosity {rF+ rN+ Stlth+}
 88670 | Crypt:3  | Anointed Orgrim the wizard as your apostle
 88703 | Crypt:3  | Reached skill level 10 in Translocations
 89550 | Crypt:3  | Found a staircase to the Tomb.
 89591 | Crypt:3  | Identified the +9 morningstar "Huapyg" {elec, *Rage Fly rN+
                  | Dex+5}
 89621 | Crypt:3  | Found an ancient bone altar of Kikubaaqudgha.
 90243 | Crypt:3  | Reached skill level 1 in Air Magic
 90248 | Crypt:3  | Noticed an ancient lich
 90252 | Crypt:3  | Killed an ancient lich
 90347 | Crypt:3  | Got the Catalogue of Battle Magic and Superposition
 90361 | Crypt:3  | Identified the +9 bardiche "Degenakk" {speed, Will+ Int+4
                  | Stlth+}
 91235 | Crypt:3  | Identified the staff of Infinity {rElec Int+2 Summ Air}
 91932 | Slime:1  | Entered Level 1 of the Pits of Slime
 91962 | Slime:1  | Reached skill level 5 in Air Magic
 92751 | Slime:3  | Reached XP level 24. HP: 212/216 MP: 8/37
 92766 | Slime:3  | Anointed Argrim the warrior as your apostle
 93004 | Slime:5  | Entered Level 5 of the Pits of Slime
 93474 | Slime:5  | Noticed the Royal Jelly
 93495 | Slime:5  | Your ally Argrim died
 93551 | Slime:5  | Killed the Royal Jelly
 93555 | Slime:5  | Your ally Warbeogh died
 93695 | Slime:5  | Identified the ring "Vilagiq" {Will+ MP+9}
 93727 | Slime:5  | Got a slimy rune of Zot
 93753 | Slime:5  | Got the Atlas of Deviated Malevolent Rituals
 93774 | Slime:5  | Reached skill level 10 in Spellcasting
 93961 | Slime:5  | Identified the +8 scimitar of Calamity {freeze, rN+ Will+
                  | rCorr Dex+3}
 93971 | Slime:5  | Identified the +10 rapier "Sifian" {holy, rPois rN+++ rCorr
                  | Int-2}
 95282 | Depths:4 | Learned a level 1 spell: Apportation
 95295 | Depths:4 | Identified the +2 pair of gloves of the Morning {rF++
                  | Int+5}
 95315 | Depths:4 | Your ally Morun died
 95573 | Orc:2    | Gained mutation: You are weak. (Str -2) [a neqoxec]
 95588 | Orc:2    | Killed DubiousMove's ghost
 95757 | Orc:2    | Learned a level 6 spell: Dispersal
 96035 | Vaults:5 | Entered Level 5 of the Vaults
 96110 | Vaults:5 | Noticed an ancient lich
 96116 | Vaults:5 | Killed an ancient lich
 96217 | Vaults:5 | Got a silver rune of Zot
 96350 | Vaults:5 | Identified the ring of Tatearpha {+Blink rF+}
 96406 | Vaults:5 | Reached skill level 10 in Dodging
 96458 | Vaults:5 | Your ally Morun died
 96827 | Vaults:5 | Noticed an ancient lich
 96830 | Vaults:5 | Killed an ancient lich
 96856 | Vaults:5 | Identified the +8 battleaxe of the Hawk {vamp, Fly rF++
                  | Will- rCorr}
 97104 | Vaults:5 | Reached XP level 25. HP: 176/223 MP: 2/38
 97618 | Vaults:5 | Identified the +9 short sword "Xanapog" {speed, Fly Dex+4}
 97627 | Vaults:5 | Noticed an ancient lich
 97638 | Vaults:5 | Killed an ancient lich
 98079 | Vaults:5 | Got Yvva's Parchment of Vexatious Striking
 98281 | Vaults:4 | Your ally Warbeogh died
 98687 | Zot:1    | Entered Level 1 of the Realm of Zot
 99147 | Zot:1    | Reached skill level 15 in Maces & Flails
 99447 | Orc:2    | Bought a potion of mutation for 96 gold pieces
 99447 | Orc:2    | Bought a potion of enlightenment for 60 gold pieces
 99447 | Orc:2    | Bought a potion of enlightenment for 60 gold pieces
 99750 | Zot:1    | Found a transporter.
 99756 | Zot:1    | Found a transporter.
100121 | Zot:1    | Found a transporter.
100123 | Zot:1    | Found a transporter.
100171 | Zot:1    | Found a transporter.
100183 | Zot:1    | Found a transporter.
100837 | Zot:2    | Your ally Morun died
100849 | Zot:2    | Your ally Argrim died
101307 | Zot:2    | Your ally Warbeogh died
101665 | Zot:2    | Noticed an orb of fire
101667 | Zot:2    | Gained mutation: Your spells are a little easier to cast,
                  | but a little less powerful. [an orb of fire]
101668 | Zot:2    | Gained mutation: You are clumsy. (Dex -2) [an orb of fire]
101670 | Zot:2    | Killed an orb of fire
103453 | Zot:3    | Reached XP level 26. HP: 231/237 MP: 28/39
103536 | Zot:3    | Identified the +3 dagger "Mapuv" {flame, rElec rC+ Dex+3}
103898 | Zot:3    | Your ally Morun died
104507 | Zot:4    | Noticed an orb of fire
104632 | Zot:4    | Found a radiant altar of Vehumet.
104634 | Zot:4    | Found a transporter.
104634 | Zot:4    | Noticed an ancient lich
105056 | Zot:4    | Your ally Morun died
105237 | Zot:5    | Entered Level 5 of the Realm of Zot
105595 | Zot:5    | Found a large runed translucent door.
105595 | Zot:5    | Found a large runed translucent door.
105598 | Zot:5    | Noticed bmj180's ghost (legendary HuCj)
106365 | Zot:5    | Noticed an orb of fire
106368 | Zot:5    | Killed an orb of fire
106384 | Zot:5    | Noticed a dread lich
106387 | Zot:5    | Killed a dread lich
106558 | Zot:5    | Noticed a dread lich
106566 | Zot:5    | Killed a dread lich
106567 | Zot:5    | Reached skill level 21 in Invocations
106638 | Zot:5    | Your ally Warbeogh died
106638 | Zot:5    | Your ally Morun died
106729 | Zot:5    | Your ally Argrim died
106733 | Zot:5    | Noticed an orb of fire
106741 | Zot:5    | Killed an orb of fire
106741 | Zot:5    | Noticed an ancient lich
106742 | Zot:5    | Noticed an ancient lich
106749 | Zot:5    | Noticed an ancient lich
106754 | Zot:5    | Killed an ancient lich
106755 | Zot:5    | Reached XP level 27. HP: 164/246 MP: 36/39
106761 | Zot:5    | Killed an ancient lich
106776 | Zot:5    | Reached skill level 22 in Invocations
106782 | Zot:5    | Gained mutation: Armour fits poorly on your strangely
                  | shaped body. [mutagenic glow]
106783 | Zot:5    | Noticed an ancient lich
106787 | Zot:5    | Killed an ancient lich
106809 | Zot:5    | Gained mutation: You occasionally shout uncontrollably at
                  | your foes. [mutagenic glow]
106900 | Zot:5    | Lost mutation: You occasionally shout uncontrollably at
                  | your foes. [potion of mutation]
106900 | Zot:5    | Lost mutation: Armour fits poorly on your strangely shaped
                  | body. [potion of mutation]
106900 | Zot:5    | Lost mutation: You are weak. (Str -2) [potion of mutation]
106900 | Zot:5    | Gained mutation: You are partially covered in iridescent
                  | scales. (AC +2) [potion of mutation]
106900 | Zot:5    | Gained mutation: Your flesh is heat resistant. (rF+)
                  | [potion of mutation]
107110 | Zot:5    | Killed an ancient lich
107120 | Zot:5    | Noticed a dread lich
107136 | Zot:5    | Killed a dread lich
107288 | Zot:5    | Identified the +2 pair of gloves of Baam {rPois rF+ Dex-2
                  | Stlth+}
107578 | Zot:5    | Got the Orb of Zot
107994 | D:10     | Reached skill level 23 in Invocations
108310 | D:$      | Escaped with the Orb!

Illustrated notes

Levels and vault maps discovered:
D:1:      wander_arrival_peaceful_grave, layout_basic, wad_floor_pattern_2
D:2:      layout_rooms, minmay_misc_feat_nine_boxes, uniq_terence
D:3:      minmay_chambers_of_twos, layout_basic, nicolae_vehumet_altar_sigil,
          hellmonk_ecumenical_altar_zigzags, uniq_crazy_yiuf_cottage, uniq_robin
D:4:      layout_basic, mainiacjoe_overflow_concentric_impassable,
          nicolae_overflow_squiral
D:5:      layout_basic, grunt_dithmenos_smoke_and_mirrors,
          minmay_misc_feat_four_crosses, kennysheep_decorative_pillar
D:6:      layout_loops_ring, minmay_temple_entry_enclosed_plants,
          minmay_misc_feat_chi, uniq_eustachio
D:7:      layout_loops_cross, mainiacjoe_overflow_alcove_1,
          nicolae_shop_self_help, uniq_duvessa
D:8:      layout_basic, dpeg_oklobed_lair, enter_bailey_5, kennysheep_potato
D:9:      layout_stronghold, minitemple
D:10:     layout_stronghold, uniq_lodul
D:11:     layout_gridville, gauntlet_entry_generic, kennysheep_generic_room_7,
          uniq_grum
D:12:     layout_cross, erik_orc_3, uniq_nessos
D:13:     layout_loops_corners, portal_ice_cave_entry_ice_simulacra,
          nicolae_shop_national_dungeon_mall, lemuel_freeze_loot_1
D:14:     layout_basic, david_vaults_1, grunt_qazlal_clouds
D:15:     grunt_enter_depths_hoard, layout_long_grid,
          chequers_serial_rivers_micro_e
Lair:1:   beast_lair_carwin_large_2, layout_cave_pods, uniq_amaemon
Lair:2:   gammafunk_indiana_jones, layout_long_grid, dummy_snake_entry
Lair:3:   layout_hall_layers, minmay_swamp_entry_worms, basic_altar,
          uniq_josephine
Lair:4:   regret_index_combs_of_tragedy, layout_cave_pods, slime_entry_1,
          serial_bayou_pond_d
Lair:5:   gammafunk_lair_ancient_temple, layout_long_grid
Swamp:1:  layout_basic_swamp, nicolae_swamp_dense_foliage, swamp_pool_1_2,
          nicolae_swamp_little_tower, statue_in_the_mist_lemuel
Swamp:2:  layout_basic_swamp, hangedman_swamp_ruin_wall, swamp_pool_1_2,
          nicolae_swamp_baby_hydras
Swamp:3:  layout_falls_marsh, evilmike_swamp_ruin_house_5, uniq_bai_suzhen
Swamp:4:  byrel_swamp_growth_death_and_undeath, layout_basic_swamp,
          swamp_pool_4, grunt_witch_cave, nicolae_swamp_decorative_isthmus
Snake:1:  layout_onion_interference, grunt_ministairs_3, abandoned_shop
Snake:2:  layout_layer_cave, grunt_ministairs_2, uniq_jorgrun
Snake:3:  layout_misc_corridors
Snake:4:  johnstein_snake_rune_scales, layout_layer_cave, st_stairs_3,
          nicolae_snake_lava_pool, grunt_megastairs_4
Slime:1:  layout_caves
Slime:2:  nicolae_slime_spelunking
Slime:3:  layout_caves
Slime:4:  layout_caves
Slime:5:  slime_pit_nicolae_amoeboid
Orc:1:    layout_caves, blackcustard_mines_bat_river
Orc:2:    st_orc_open, layout_diamond_mine, gammafunk_ghost_stat_death,
          chequers_guarded_unrand_ignorance
Elf:1:    eino_elf_arrival_sip, layout_gridlike, serial_shops, shop,
          minmay_elf_crystal_heptagon
Elf:2:    nicolae_elf_blades_crystal_corner, layout_loops_corners,
          minmay_shop_grove, uniq_nikola
Elf:3:    elf_hall, layout_gridlike, drop_trap
Vaults:1: hangedman_vaults_slither, v_misc_9, nicolae_vaults_diamond_1,
          nicolae_vaults_wine_cellar, layout_vaults_omnigrid, uniq_donald
Vaults:2: ontoclasm_vaults_ligature, nicolae_vaults_closet_pinwheel_2,
          v_misc_13, minmay_crypt_entry_simple_sparse, nicolae_vaults_octagons,
          ontoclasm_vaults_chip, ontoclasm_vaults_misaligned,
          nicolae_vaults_little_squares_6, serial_ice_g,
          nicolae_vaults_tetromino_T_1, nicolae_vaults_shrinking_rooms_1,
          nicolae_vaults_stairing_the_circle, nicolae_vaults_storage_closets_3,
          nicolae_vaults_little_squares_5, layout_vaults_maze
Vaults:3: v_misc_2, nicolae_vaults_trapezoid_4, vaults_room_corners,
          nicolae_vaults_apartment_2, ontoclasm_vaults_loading_screen,
          ontoclasm_vaults_ring_large, v_rooms_1,
          nicolae_vaults_taking_the_gang_shopping, hangedman_vaults_cutoff,
          nicolae_vaults_three_branches, layout_vaults_big_room, serial_shops,
          nicolae_diamond_shop
Vaults:4: nicolae_vaults_house_1, ontoclasm_vaults_ring_square, st_star,
          nicolae_vaults_what_the_h, vaults_dpeg_encased_lava,
          nicolae_vaults_mitosis, nicolae_vaults_triangles,
          nicolae_vaults_weapon_check, nicolae_vaults_tetromino_Z_1,
          dpeg_vaults_monster_box, vaults_standard_mumra_enter_the_diamond,
          layout_vaults_ring
Vaults:5
Crypt:1:  layout_rooms, nrook_guardian_serpent_ordinary
Crypt:2:  layout_regular_city, nicolae_crypt_paired_memorials
Crypt:3:  evilmike_haunted_forest
Depths:1: minmay_cut_squares, layout_twisted_cross, enter_ziggurat_b,
          grunt_decor_arrowhead, nicolae_abyss_entry_one_way_or_another,
          hell_entry, trog_three_pillars_becter
Depths:2: evilmike_cross, layout_cave_pools, pan_entry, special_room
          [special_room_morgue], hell_entry, mu_enter_wizlab_5,
          infiniplex_staircase_star
Depths:3: nicolae_cairo_tiling_very_big, layout_cave_pools, glass_columns_c,
          pf_hell_entry_tar_spiral, abyss_entry, roderic_lattice_a
Depths:4: grunt_twist_and_shout, layout_gridlike, nicolae_wwwww,
          gammafunk_ghost_wrathful_warriors, grunt_hell_entry_dis_old
Zot:1:    layout_gridlike, regret_index_zotdec_silver_v_v_loose,
          serial_nicolae_subway, nicolae_sub_station_metal,
          nicolae_sub_station_crystal, nicolae_sub_station_stone,
          grunt_megastairs_1
Zot:2:    layout_gridlike, hangedman_swamp_dais, grunt_megastairs_5
Zot:3:    layout_gridlike, regret_index_zotdec_magical_s
Zot:4:    gammafunk_sealed_library, layout_onion_interference,
          regret_index_zotdec_gossamer_parallel
Zot:5:    layout_gridlike, ebering_ghost_disaster_area

Skill      XL: |  1  2  3  4  5  6  7  8  9 10 11 12 13 14 15 16 17 18 19 20 21 22 23 24 25 26 27 |
---------------+----------------------------------------------------------------------------------+-----
Stealth        | 1 2 3 |  3.4
Maces & Flails | 4 12 13 14 16 18 19 | 19.0
Translocations | 1 2 3 6 8 10 11 12 | 12.0
Armour         | 1 3 7 8 10 11 14 16 17 18 | 18.0
Fighting       | 4 6 8 9 10 11 12 14 15 16 17 19 20 | 20.0
Spellcasting   | 2 6 8 9 11 12 | 12.0
Short Blades   | 2 |  2.5
Evocations     | 5 7 10 12 14 15 16 19 20 | 20.0
Invocations    | 6 10 15 18 19 20 21 23 | 23.3
Conjurations   | 3 4 7 9 |  9.0
Throwing       | 1 2 |  2.0
Polearms       | 4 8 10 13 | 13.2
Axes           | 2 8 10 | 10.4
Shields        | 10 12 15 16 18 19 20 | 20.0
Dodging        | 8 11 12 | 12.0
Alchemy        | 1 2 7 9 |  9.0
Air Magic      | 5 |  5.0

Action                     |  1- 3 |  4- 6 |  7- 9 | 10-12 | 13-15 | 16-18 | 19-21 | 22-24 | 25-27 || total
---------------------------+-------+-------+-------+-------+-------+-------+-------+-------+-------++-------
  Melee: Mace              |    75 |    10 |       |       |       |       |       |       |       ||    85
         Dagger            |       |   203 |   350 |       |       |       |       |       |       ||   553
         Trident           |       |       |    49 |   629 |   370 |   360 |     1 |       |       ||  1409
         Spear             |       |       |    17 |       |       |       |       |       |       ||    17
         Demon whip        |       |       |       |   355 |   489 |  1330 |  1725 |    36 |       ||  3935
         War axe           |       |       |       |       |   351 |    69 |    84 |       |       ||   504
         Eveningstar       |       |       |       |       |       |       |   298 |  1165 |  1232 ||  2695
         Flail             |       |       |       |       |       |       |   257 |   625 |    14 ||   896
  Throw: Dart              |       |    56 |    45 |    38 |    16 |     9 |    15 |     1 |       ||   180
         Boomerang         |       |       |     5 |    10 |       |       |       |       |       ||    15
   Cast: Momentum Strike   |     2 |    18 |    25 |     4 |       |       |       |       |       ||    49
         Kiss of Death     |     1 |     4 |     2 |       |       |       |       |       |       ||     7
         Manifold Assault  |       |       |       |       |       |       |     8 |   354 |   216 ||   578
         Apportation       |       |       |       |       |       |       |       |     2 |       ||     2
         Vhi's Electric Ch |       |       |       |       |       |       |       |     1 |    11 ||    12
         Dispersal         |       |       |       |       |       |       |       |       |     2 ||     2
         Irradiate         |       |       |       |       |       |       |       |       |     3 ||     3
 Invoke: Convert to Beogh  |       |       |     1 |       |       |       |       |       |       ||     1
         Smiting           |       |       |       |    13 |    45 |    77 |    54 |    45 |    52 ||   286
         Recall Apostles   |       |       |       |       |    18 |    15 |    20 |    19 |    16 ||    88
         Recruit Apostle   |       |       |       |       |     4 |     1 |     2 |     4 |       ||    11
         Dismiss Apostle   |       |       |       |       |     1 |     1 |     2 |     4 |       ||     8
         Blood for Blood   |       |       |       |       |       |       |     2 |     1 |     1 ||     4
  Evoke: Wand              |       |       |    34 |    16 |    16 |    56 |    20 |    30 |     9 ||   181
         Phial of floods   |       |       |       |     1 |     2 |     2 |     5 |     1 |       ||    11
         Condenser vane    |       |       |       |       |       |       |       |     2 |     3 ||     5
         Lightning rod     |       |       |       |       |       |       |       |       |     4 ||     4
    Use: Scroll            |     1 |     9 |    12 |    15 |     6 |    17 |    13 |     9 |     9 ||    91
         Potion            |       |     3 |     2 |     7 |     3 |     9 |     9 |    12 |    16 ||    61
   Stab: Sleeping          |     2 |     1 |       |       |       |     6 |       |       |       ||     9
         Paralysed         |       |       |    27 |     8 |       |    19 |     4 |       |       ||    58
         Distracted        |       |       |       |     1 |     4 |     4 |    11 |    10 |     4 ||    34
         Petrified         |       |       |       |       |     3 |       |       |       |       ||     3
         Confused          |       |       |       |       |       |     1 |       |       |       ||     1
         Invisible         |       |       |       |       |       |       |    13 |       |       ||    13
 Armour: Leather armour    |    25 |   157 |   182 |       |       |       |       |       |       ||   364
         Scale mail        |    13 |       |    25 |   262 |   144 |       |       |       |       ||   444
         Chain mail        |       |       |   143 |       |       |       |       |       |       ||   143
         Plate armour      |       |       |       |   600 |   883 |   714 |   824 |       |       ||  3021
         Ring mail         |       |       |       |       |       |   429 |       |       |       ||   429
         Storm dragon scal |       |       |       |       |       |    75 |   709 |   907 |   911 ||  2602
  Dodge: Dodged            |    43 |   117 |   192 |   334 |   327 |   432 |   509 |   364 |   389 ||  2707
  Block: Kite shield       |       |       |       |       |     8 |   632 |  1121 |   711 |       ||  2472
         Tower shield      |       |       |       |       |       |   147 |       |       |       ||   147
         Buckler           |       |       |       |       |       |       |       |    42 |   330 ||   372

Table legend: (Time is in decaauts)
 A = Elapsed time spent in this place.
 B = Non-inter-level travel time spent in this place.
 C = Inter-level travel time spent in this place.
 D = Time resting spent in this place.
 E = Time spent auto-exploring this place.
 F = Levels seen in this place.
 G = Mean time per level.
                   A        B        C        D        E       F      G
               +--------+--------+--------+--------+--------+-----+--------+
         Total | 105726 |  95309 |  10417 |  13183 |  62233 |  59 | 1792.0 |
       Dungeon |  33177 |  27424 |   5753 |   6292 |  14530 |  15 | 2211.8 |
          Lair |  10523 |   9329 |   1194 |    503 |   7309 |   5 | 2104.6 |
         Swamp |   4672 |   4530 |    142 |    296 |   3341 |   4 | 1168.0 |
     Snake Pit |   9654 |   9266 |    388 |    749 |   6986 |   4 | 2413.5 |
    Slime Pits |   2839 |   2713 |    126 |    920 |   1299 |   5 |  567.8 |
  Orcish Mines |   3204 |   2618 |    586 |    650 |   1572 |   2 | 1602.0 |
   Elven Halls |   6808 |   6561 |    247 |    897 |   4382 |   3 | 2269.3 |
        Vaults |  12079 |  11233 |    846 |    759 |   8039 |   5 | 2415.8 |
         Crypt |   5217 |   4999 |    218 |    254 |   3972 |   3 | 1739.0 |
        Depths |   7395 |   6784 |    611 |    633 |   4658 |   4 | 1848.8 |
           Zot |   8133 |   7830 |    303 |    592 |   5785 |   5 | 1626.6 |
        Bailey |    671 |    671 |      0 |    210 |     35 |   1 |  671.0 |
      Ice Cave |    862 |    862 |      0 |    364 |    184 |   1 |  862.0 |
        Wizlab |     57 |     57 |      0 |     54 |      0 |   1 |   57.0 |
      Gauntlet |    428 |    428 |      0 |      6 |    140 |   1 |  428.0 |
               +--------+--------+--------+--------+--------+-----+--------+

Top non-repeatable levels by time:
    D:15: 4121 daAuts
     D:8: 3854 daAuts
 Snake:4: 3809 daAuts
 Crypt:3: 3534 daAuts
     D:3: 3099 daAuts
   Elf:3: 2838 daAuts
    D:14: 2781 daAuts
Depths:4: 2734 daAuts
  Lair:1: 2691 daAuts
Vaults:3: 2666 daAuts
 Snake:2: 2622 daAuts
     D:9: 2568 daAuts
  Lair:4: 2509 daAuts
     D:4: 2499 daAuts
Vaults:4: 2448 daAuts
